 Dungeon Crawl Stone Soup version 0.29-a0-110-g189f89ecda (webtiles) character file.

Game seed: 10617710359348319734

16 Gargoyl the Skirmisher (level 2, 0/20 HPs)
             Began as a Gargoyle Abyssal Knight on Feb 17, 2022.
             Was an Initiate of Lugonu.
             Slain by a quokka (4 damage)
             ... on level 1 of the Dungeon.
             The game lasted 00:00:11 (305 turns).

Gargoyl the Skirmisher (Gargoyle Abyssal Knight)     Turns: 305, Time: 00:00:11

Health: 0/20       AC:  6    Str: 16    XL:     2   Next: 54%
Magic:  3/3        EV: 11    Int: 10    God:    Lugonu [......]
Gold:   0          SH:  0    Dex: 10    Spells: 1/1 levels left

rFire   . . .      SeeInvis .   a - +1 hand axe
rCold   . . .      Faith    .   (no shield)
rNeg    + . .      Spirit   .   b - +0 leather armour
rPois   ∞          Reflect  .   (no helmet)
rElec   +          Harm     .   (no cloak)
rCorr   .          Rampage  .   (no gloves)
Will    .....                   (no boots)
Stlth   +.........              (no amulet)
HPRegen 0.06/turn               (no ring)
MPRegen 0.08/turn               (no ring)

@: no status effects
A: sickness immunity, AC +2, negative energy resistance 1, electricity
resistance, torment resistance 1, petrification resistance
a: Renounce Religion


You were on level 1 of the Dungeon.
You worshipped Lugonu.
Lugonu was noncommittal.
You visited 1 branch of the dungeon, and saw 1 of its levels.
You visited the Abyss 1 time.

Inventory:

Hand Weapons
 a - a +1 hand axe (weapon)
Armour
 b - a +0 leather armour (worn)


   Skills:
 + Level 3.7 Fighting
 + Level 2.0 Axes
 + Level 2.4 Armour
 + Level 1.0 Dodging
 + Level 2.0 Invocations


You had one spell level left.
You didn't know any spells.
Your spell library was empty.

Dungeon Overview and Level Annotations

Branches:
Dungeon (1/15)

Altars:


Innate Abilities, Weirdness & Mutations

You are immune to sickness and miasma.
Your stone body is resilient. (AC +2)
You are immune to poison.
You resist negative energy. (rN+)
You are resistant to electric shocks. (rElec)
You are resistant to unholy torment.
You are immune to petrification.


Message History

You slash the hobgoblin!
You kill the hobgoblin!
Lugonu accepts your kill. The ball python bites you.
The ball python barely misses you.
You slash the ball python!
You kill the ball python!
Lugonu accepts your kill. The bat closely misses you.
The bat hits you but does no damage. The bat barely misses you.
You closely miss the bat. The bat misses you.
You miss the bat. The bat completely misses you.
The bat hits you but does no damage.
You barely miss the bat. The bat misses you.
You hit the bat but do no damage. The bat misses you.
The bat hits you but does no damage. x2
You barely miss the bat. The bat hits you but does no damage.
The bat closely misses you.
You hit the bat.
You kill the bat!
Lugonu accepts your kill. The quokka bites you.
* * * LOW HITPOINT WARNING * * *
Your Axes skill increases to level 2!
You hit the quokka but do no damage. The quokka barely misses you.
You hit the quokka.
You kill the quokka!
Lugonu accepts your kill.
You hit the quokka.
The quokka is lightly wounded.
The quokka misses you. x2
You barely miss the quokka.
The quokka is lightly wounded.
The quokka closely misses you.
You barely miss the quokka.
The quokka is lightly wounded.
The quokka bites you but does no damage.
You hit the quokka.
The quokka is moderately wounded.
The quokka bites you.
You die...

#........ #....... #......
#.....# #.....# #...).# #..J..#
..# ###r### . ..# #@#######+# .#
#.# ##.........## .. #.#
##...#####...## #. #.#
##.#.#.###.#.#.## #. #.#
##.##.##.#.##.##.## #.
#.###)###.###.###.###)###.
#######.##.####.##.#.##.####.##.
........'.........###..<......'.
........#..####.### ###.####..#.


You could see an endoplasm and a quokka.

Vanquished Creatures
  A gnoll (D:1)
  A bat (D:1)
  A goblin (D:1)
  A hobgoblin (D:1)
  A quokka (D:1)
  A ball python (D:1)
6 creatures vanquished.

Notes
Turn   | Place    | Note
-------+----------+-------------------------------------------
     0 | Abyss:1  | Gargoyl the Gargoyle Abyssal Knight began the quest for the
                  | Orb.
     0 | Abyss:1  | Reached XP level 1. HP: 14/14 MP: 2/2
     2 | Abyss:1  | Found a corrupted altar of Lugonu.
    44 | Abyss:1  | Found a corrupted altar of Lugonu.
    74 | D:1      | Escaped the Abyss
   288 | D:1      | Reached skill level 1 in Dodging
   288 | D:1      | Reached XP level 2. HP: 8/19 MP: 3/3
   305 | D:1      | Slain by a quokka

Illustrated notes

Levels and vault maps discovered:
D:1:      roderic_octagonal_star, layout_basic, serial_shops,
          nicolae_square_shop, minmay_misc_feat_diagonals, dk_noncrumbling_3

Skill      XL: |  1  2 |
---------------+-------+-----
Dodging        | 1 |  1.0
Axes           | 2 |  2.0
Fighting       | |  3.7
Armour         | |  2.4
Invocations    | |  2.0

Action                   || total
-------------------------++-------
Melee: Hand axe          ||    21
       Punch             ||     1
Invok: Depart the Abyss  ||     1
Armor: Leather armour    ||    12
Dodge: Dodged            ||    23

Table legend: (Time is in decaauts)
 A = Elapsed time spent in this place.
 B = Non-inter-level travel time spent in this place.
 C = Inter-level travel time spent in this place.
 D = Time resting spent in this place.
 E = Time spent auto-exploring this place.
 F = Levels seen in this place.
 G = Mean time per level.
                   A        B        C        D        E       F      G
               +--------+--------+--------+--------+--------+-----+--------+
         Total |    308 |    308 |      0 |      0 |    268 |   2 |  154.0 |
       Dungeon |    234 |    234 |      0 |      0 |    195 |   1 |  234.0 |
         Abyss |     74 |     74 |      0 |      0 |     73 |   1 |   74.0 |
               +--------+--------+--------+--------+--------+-----+--------+

Top non-repeatable levels by time:
     D:1: 234 daAuts
 Abyss:1: 74 daAuts
